 Dungeon Crawl Stone Soup version 0.30-a0-591-g3c58d2bc28 (webtiles) character file.

Game seed: 1640593609781386098

112 Crownlay the Chucker (level 4, -2/34 HPs)
             Began as a Gnoll Wanderer on Jan 5, 2023.
             Slain by a gnoll
             ... wielding a +0 halberd
              (8 damage)
             ... on level 3 of the Dungeon.
             The game lasted 00:02:18 (1606 turns).

Crownlay the Chucker (Gnoll Wanderer)               Turns: 1606, Time: 00:02:19

Health: -2/34      AC: 10    Str:  9    XL:     4   Next: 95%
Magic:  6/6        EV:  5    Int: 12    God:
Gold:   98         SH:  0    Dex: 15    Spells: 5/5 levels left

rFire   + . .      SeeInvis .    a - +2 dagger
rCold   . . .      Faith    .    (no shield)
rNeg    . . .      Spirit   .    g - +0 chain mail
rPois   .          Reflect  .    (no helmet)
rElec   .          Harm     .    d - +0 cloak
rCorr   .          Rampage  .    (no gloves)
Will    .....                    (no boots) Stlth
                                 (no amulet)
HPRegen 0.25/turn                j - ring of protection from fire
MPRegen 0.10/turn                (no ring)

@: no status effects
A: fangs 1, strong nose, distributed training
a: no special abilities


You were on level 3 of the Dungeon.
You visited 1 branch of the dungeon, and saw 3 of its levels.

You collected 98 gold pieces.

Inventory:

Hand Weapons
 a - a +2 dagger (weapon)
 c - a +0 short sword
Armour
 d - a +0 cloak (worn)
 f - a +0 robe
 g - a +0 chain mail (worn)
Jewellery
 j - a ring of protection from fire (left hand)
Scrolls
 e - 2 scrolls of fear
 h - 2 scrolls of enchant weapon {unknown}
 l - 2 scrolls of teleportation {unknown}
 n - a scroll of identify {unknown}
 p - 3 scrolls of summoning {unknown}
Potions
 i - a potion of flight {unknown}
 k - a potion of haste {unknown}
 m - a potion of resistance {unknown}
 o - a potion of mutation {unknown}
 q - 2 potions of heal wounds {unknown}


   Skills:
 + Level 2.9 Fighting
 + Level 4.7 Short Blades
 + Level 1.3 Long Blades
 + Level 1.3 Axes
 + Level 1.3 Maces & Flails
 + Level 1.3 Polearms
 + Level 1.3 Staves
 + Level 1.3 Ranged Weapons
 + Level 6.6 Throwing
 + Level 2.9 Armour
 + Level 4.7 Dodging
 + Level 1.3 Stealth
 + Level 1.3 Shields
 + Level 1.3 Unarmed Combat
 + Level 1.3 Spellcasting
 + Level 1.1 Conjurations
 + Level 1.1 Hexes
 + Level 1.1 Summonings
 + Level 1.1 Necromancy
 + Level 1.1 Translocations
 + Level 1.1 Transmutations
 + Level 1.1 Fire Magic
 + Level 1.1 Ice Magic
 + Level 1.1 Air Magic
 + Level 1.1 Earth Magic
 + Level 1.1 Poison Magic
 + Level 1.5 Invocations
 + Level 2.9 Evocations


You had 5 spell levels left.
You didn't know any spells.
Your spell library contained the following spells:

 Spells                   Type           Power      Damage    Failure   Level
 Ignite Poison            Fire/Tmut/Pois 3%         N/A       100%        3
 Sticky Flame             Conj/Fire      3%         2d3       100%        4
 Ignition                 Fire           1%         3d3       100%        8


Dungeon Overview and Level Annotations

Branches:
Dungeon (3/15)

Altars:


Innate Abilities, Weirdness & Mutations

You have very sharp teeth.
Your uncanny sense of smell can sniff out nearby items.
Your experience applies equally to all skills.


Message History

You hit the gnoll.
The gnoll is heavily wounded.
The gnoll hits you but does no damage. The gnoll hits you with a +0 halberd.
You hit the gnoll but do no damage.
The gnoll is heavily wounded.
You hit the gnoll. You bite the gnoll, but do no damage.
The gnoll is severely wounded.
The gnoll hits you but does no damage. x2
You hit the gnoll. Your bite misses the gnoll.
The gnoll is severely wounded.
The gnoll hits you but does no damage. The gnoll completely misses you.
You hit the gnoll but do no damage.
The gnoll is severely wounded.
The gnoll hits you with a +0 flail. The gnoll hits you but does no damage.
The worm bites you but does no damage.
You barely miss the gnoll.
The gnoll is severely wounded.
The gnoll hits you with a +0 flail! The gnoll hits you but does no damage.
You are too injured to fight recklessly!
You are too injured to fight recklessly!
You are too injured to fight recklessly!
You are too injured to fight recklessly!
You don't know any spells.
Sorry, you're not good enough to have a special ability.
The gnoll attacks as you move away! The gnoll hits you but does no damage.
The gnoll hits you from afar with a +0 halberd.
There is an open door, spattered with blood here.
Throw: dart (curare)
Press: ? - help, Q - select action Shift-Dir - straight line, f - gnoll
Aim: a gnoll, wielding a +0 flail and quivering a throwing net (66% to hit)
You throw a curare-tipped dart.
The curare-tipped dart barely misses the gnoll.
The curare-tipped dart closely misses the gnoll.
The curare-tipped dart barely misses the worm.
Unknown command.
You completely miss the gnoll.
The gnoll hits you from afar with a +0 halberd!
* * * LOW HITPOINT WARNING * * *
The gnoll hits you but does no damage. The gnoll hits you with a +0 halberd!
You die...

#.....##.#...####..).#
#.....'..########....###+
#.....#### #.............
#.....# #..............
#.....# #.....###......
#.....# #.....##.......
#.....# #........#.....
#.....# #...g..########
####### ######@##
#....#g######
#....)w)....#
.............#
.......(.....#
...##..(.....# ..
#..(...### # #......#
.......#


You could see a worm and 2 gnolls.

Vanquished Creatures
  An iguana (D:3)
  2 gnolls (D:3)
  2 adders
  A worm (D:3)
  3 dart slugs
  6 endoplasms
  A giant cockroach (D:2)
  5 goblins
  2 hobgoblins (D:1)
  4 kobolds
  A quokka (D:3)
  5 ball pythons
  A bat (D:1)
  5 frilled lizards
  8 rats
47 creatures vanquished.

Notes
Turn   | Place    | Note
-------+----------+-------------------------------------------
     0 | D:1      | Crownlay the Gnoll Wanderer began the quest for the Orb.
     0 | D:1      | Crownlay set off with the following items: a +2 dagger, 4
                  | curare-tipped darts, a +0 short sword, a +0 cloak, a scroll
                  | of fear, a +0 robe.
     0 | D:1      | Reached XP level 1. HP: 17/17 MP: 1/1
   175 | D:1      | Found a faded altar of an unknown god.
   280 | D:1      | Reached XP level 2. HP: 22/23 MP: 2/2
   884 | D:2      | Reached XP level 3. HP: 26/28 MP: 3/3
  1141 | D:2      | Reached skill level 1 in Invocations
  1330 | D:2      | Reached skill level 1 in Long Blades
  1330 | D:2      | Reached skill level 1 in Axes
  1330 | D:2      | Reached skill level 1 in Maces & Flails
  1330 | D:2      | Reached skill level 1 in Polearms
  1330 | D:2      | Reached skill level 1 in Staves
  1330 | D:2      | Reached skill level 1 in Ranged Weapons
  1330 | D:2      | Reached skill level 1 in Stealth
  1330 | D:2      | Reached skill level 1 in Shields
  1330 | D:2      | Reached skill level 1 in Unarmed Combat
  1330 | D:2      | Reached skill level 1 in Spellcasting
  1441 | D:3      | Reached XP level 4. HP: 19/34 MP: 5/5
  1506 | D:3      | Reached skill level 1 in Conjurations
  1506 | D:3      | Reached skill level 1 in Hexes
  1506 | D:3      | Reached skill level 1 in Summonings
  1506 | D:3      | Reached skill level 1 in Necromancy
  1506 | D:3      | Reached skill level 1 in Translocations
  1506 | D:3      | Reached skill level 1 in Transmutations
  1506 | D:3      | Reached skill level 1 in Fire Magic
  1506 | D:3      | Reached skill level 1 in Ice Magic
  1506 | D:3      | Reached skill level 1 in Air Magic
  1506 | D:3      | Reached skill level 1 in Earth Magic
  1506 | D:3      | Reached skill level 1 in Poison Magic
  1606 | D:3      | Slain by a gnoll

Illustrated notes

Levels and vault maps discovered:
D:1:      roderic_dead_forest, layout_basic, ebering_ecumenical_altar_abandoned
D:2:      layout_loops_ring
D:3:      layout_basic

Skill      XL: |  1  2  3  4 |
---------------+-------------+-----
Invocations    | 1 |  1.5
Long Blades    | 1 |  1.3
Axes           | 1 |  1.3
Maces & Flails | 1 |  1.3
Polearms       | 1 |  1.3
Staves         | 1 |  1.3
Ranged Weapons | 1 |  1.3
Stealth        | 1 |  1.3
Shields        | 1 |  1.3
Unarmed Combat | 1 |  1.3
Spellcasting   | 1 |  1.3
Conjurations   | 1 |  1.1
Hexes          | 1 |  1.1
Summonings     | 1 |  1.1
Necromancy     | 1 |  1.1
Translocations | 1 |  1.1
Transmutations | 1 |  1.1
Fire Magic     | 1 |  1.1
Ice Magic      | 1 |  1.1
Air Magic      | 1 |  1.1
Earth Magic    | 1 |  1.1
Poison Magic   | 1 |  1.1
Fighting       | |  2.9
Short Blades   | |  4.7
Throwing       | |  6.6
Armour         | |  2.9
Dodging        | |  4.7
Evocations     | |  2.9

Action                   |  1- 3 |  4- 6 || total
-------------------------+-------+-------++-------
Melee: Dagger            |   118 |    35 ||   153
       Bite              |    12 |     3 ||    15
       Punch             |     1 |       ||     1
Throw: Dart              |     2 |     4 ||     6
Armor: Chain mail        |    43 |    32 ||    75
       Robe              |     4 |       ||     4
Dodge: Dodged            |    19 |    13 ||    32

Table legend: (Time is in decaauts)
 A = Elapsed time spent in this place.
 B = Non-inter-level travel time spent in this place.
 C = Inter-level travel time spent in this place.
 D = Time resting spent in this place.
 E = Time spent auto-exploring this place.
 F = Levels seen in this place.
 G = Mean time per level.
                   A        B        C        D        E       F      G
               +--------+--------+--------+--------+--------+-----+--------+
         Total |   1568 |   1525 |     43 |      0 |   1250 |   3 |  522.7 |
       Dungeon |   1568 |   1525 |     43 |      0 |   1250 |   3 |  522.7 |
               +--------+--------+--------+--------+--------+-----+--------+

Top non-repeatable levels by time:
     D:1: 729 daAuts
     D:2: 647 daAuts
     D:3: 191 daAuts
